 Dungeon Sprint DCSS version 0.21-a0-405-gf2af9a1 (webtiles) character file.

23 Kidiri the Ducker (level 2, -6/23 HPs)
             Began as a Demonspawn Gladiator on Nov 1, 2017.
             Was an Initiate of Okawaru.
             Killed by divine providence
             ... invoked by an orc priest
              (13 damage)
             ... in the Dungeon (Sprint VII: "The Pits").
             The game lasted 00:02:50 (415 turns).

Kidiri the Ducker (Demonspawn Gladiator)             Turns: 415, Time: 00:02:51

Health: -6/23      AC:  4    Str: 14    XL:     2   Next: 75%
Magic:  2/2        EV: 13    Int:  9    God:    Okawaru [......]
Gold:   0          SH:  0    Dex: 14    Spells: 1/1 levels left

rFire    . . .     SeeInvis .   a - +2 falchion
rCold    . . .     Gourm    .   (no shield)
rNeg     . . .     Faith    .   b - +0 leather armour
rPois    .         Spirit   .   c - +0 helmet
rElec    .         Reflect  .   (no cloak)
rCorr    .         Harm     .   (no gloves)
MR       .....     NoTele   +   (no boots)
Stlth    ++........             (no amulet)
HPRegen  0.07/turn              (no ring)
MPRegen  0.08/turn              (no ring)

@: lethally poisoned (-6 -> -10)
A: rot immunity
a: Renounce Religion


You were in the Dungeon.
You worshipped Okawaru.
Okawaru was noncommittal.
You were not hungry.

You visited 1 branch

Inventory:

Hand Weapons
 a - a +2 falchion (weapon)
Missiles
 d - 3 throwing nets (quivered)
 r - 10 stones
Armour
 b - a +0 leather armour (worn)
 c - a +0 helmet (worn)
Scrolls
 k - a scroll of blinking
 m - 3 scrolls of remove curse
 n - 5 scrolls of amnesia
 o - a scroll of summoning
Potions
 e - a potion of curing
 h - a potion of haste
 i - 4 potions of magic
 j - 3 potions of berserk rage
 l - 2 potions of invisibility
Comestibles
 f - 8 bread rations
 p - 40 fruits
 q - 7 meat rations
 s - 5 chunks of flesh


   Skills:
 + Level 2.7 Fighting
 * Level 3.7 Long Blades
 + Level 2.4 Throwing
 + Level 1.4 Armour
 * Level 3.7 Dodging
 + Level 1.6 Stealth


You had one spell level left.
You didn't know any spells.

Dungeon Overview and Level Annotations

Branches:
Dungeon (1/1)

Altars:
Ashenzari
Cheibriados
Dithmenos
Elyvilon
Fedhas
Gozag
Hepliaklqana
Kikubaaqudgha
Makhleb
Nemelex Xobeh
Okawaru
Qazlal
Ru
Sif Muna
Trog
Uskayaw
Vehumet
Wu Jian
Xom
Yredelemnul
Zin
The Shining One
Beogh
Jiyva
Lugonu

Annotations:
D exclusions: 6 doors and 6 more exclusions


Innate Abilities, Weirdness & Mutations

You are immune to rotting.


Message History

The orc wizard hits you but does no damage.
The adder bites you.
You are poisoned.
The adder poisons you!
The orc wizard begins to cast a cantrip, but forgets the words!
You closely miss the adder.
The adder is severely wounded.
You feel sick. The adder misses you.
You riposte.
You hit the adder.
You kill the adder!
Okawaru accepts your kill.
The orc wizard gestures at you while chanting.
The magic dart hits you!
You closely miss the orc wizard.
The orc wizard is severely wounded.
The orc wizard hits you but does no damage.
The quokka barely misses you. The orc wizard barely misses you.
The orc priest calls down the wrath of Beogh upon you.
Beogh smites you!
Ouch! That really hurt!
You die...

#_________.#
#_______...###########+
##########+##..........
#.?|.+)))+.##......#..#
##########.##..........
#...........'..........
+#####'#####......#..#
#..#o.#..##..........
#.or@.+..#####+#####+
##o####+###.......#
#...rS...##.......#
#.J...o..##.......#
#####+#####...<...#
#.......# #.......#
#.......# #########


You could see an orc priest, an orc wizard, an orc and a quokka.

Vanquished Creatures
  An adder (D)
  An ooze (D)
  An orc (D)
  2 jackals (D)
  2 quokkas (D)
  A bat (D)
  A leopard gecko skeleton (D)
9 creatures vanquished.

Notes
Turn   | Place    | Note
-------+----------+-------------------------------------------
     0 | D        | Kidiri the Demonspawn Gladiator began the quest for the Orb.
     0 | D        | Reached XP level 1. HP: 16/16 MP: 1/1
    87 | D        | Found a bloodstained altar of Trog.
    87 | D        | Found a deep blue altar of Sif Muna.
    87 | D        | Found a viscous altar of Jiyva.
    87 | D        | Found a hazy altar of Hepliaklqana.
    87 | D        | Found an opulent altar of Gozag.
    88 | D        | Found a glowing golden altar of the Shining One.
    88 | D        | Found a glowing silver altar of Zin.
    88 | D        | Found a basalt altar of Yredelemnul.
    88 | D        | Found a shimmering altar of Xom.
    88 | D        | Found an ornate altar of the Wu Jian Council.
    88 | D        | Found a sacrificial altar of Ru.
    88 | D        | Found a stormy altar of Qazlal.
    88 | D        | Found an iron altar of Okawaru.
    88 | D        | Found a sparkling altar of Nemelex Xobeh.
    88 | D        | Found a burning altar of Makhleb.
    88 | D        | Found a blossoming altar of Fedhas.
    88 | D        | Found a white marble altar of Elyvilon.
    88 | D        | Found a shadowy altar of Dithmenos.
    88 | D        | Found a snail-covered altar of Cheibriados.
    91 | D        | Found a corrupted altar of Lugonu.
    91 | D        | Found a radiant altar of Vehumet.
    91 | D        | Found a roughly hewn altar of Beogh.
    92 | D        | Found an ancient bone altar of Kikubaaqudgha.
    92 | D        | Found a hide-covered altar of Uskayaw.
    92 | D        | Found a shattered altar of Ashenzari.
   100 | D        | Became a worshipper of Warmaster Okawaru
   312 | D        | Reached skill level 1 in Armour
   312 | D        | Reached skill level 1 in Stealth
   312 | D        | Gained mutation: You are immune to rotting. [demonic ancestry]
   312 | D        | Reached XP level 2. HP: 16/23 MP: 2/2
   410 | D        | HP: 1/23 [orc priest/divine providence (12)]
   415 | D        | Killed from afar by an orc priest

Vault maps used:
D:        pitsprint

Skill      XL: |  1 |
---------------+----+-----
Long Blades    | 3 |  3.7
Throwing       | 2 |  2.4
Dodging        | 3 |  3.7
Armour         | 1 |  1.4
Stealth        | 1 |  1.6
Fighting       | |  2.7

Action                   || total
-------------------------++-------
Melee: Falchion          ||    24
       Long sword        ||    14
  Use: Potion            ||     1
Armor: Leather armour    ||     8
Dodge: Dodged            ||    40
       Rpst.: Long sword ||     4
       Falchion          ||    10

Table legend:
 A = Spawn XP
 B = Non-spawn XP
 C = Spawn XP percentage of total XP
 D = Spawn monster count
 E = Non-spawn monster count
 F = Spawn count percentage of total count
 G = Total turns spent on level
                    A         B        C        D         E        F      G
               +---------+---------+-------+---------+---------+-------+---------
         Total |       0 |      34 |   0.0 |       0 |       9 |   0.0 |   415
               +---------+---------+-------+---------+---------+-------+---------
             D |       0 |      34 |   0.0 |       0 |       9 |   0.0 |   415
               +---------+---------+-------+---------+---------+-------+---------
